 Dungeon Crawl Stone Soup version 0.30.0 (webtiles) character file.

Game seed: 3507999137498275790

963 Archie the Digger (level 7, -4/62 HPs)
             Began as a Troll Earth Elementalist on Dec 10, 2023.
             Was an Initiate of Yredelemnul.
             Slain by Duvessa
             ... wielding a +3 short sword
              (8 damage)
             ... on level 5 of the Dungeon.
             The game lasted 00:29:26 (2455 turns).

Archie the Digger (Troll Earth Elementalist)        Turns: 2455, Time: 00:29:31

Health: -4/62      AC: 10    Str: 17    XL:     7   Next: 92%
Magic:  8/9        EV: 10    Int: 13    God:    Yredelemnul [......]
Gold:   107        SH:  0    Dex: 10    Spells: 10/11 levels left

rFire   x . .        j - +2 scythe (venom)
rCold   + . .        (shield currently unavailable)
rNeg    . . .        a - +2 robe
rPois   .            (helmet restricted)
rElec   .            (no cloak)
rCorr   .            (gloves unavailable)
SInv    .            (boots unavailable)
Will    .....        (no amulet)
Stlth   ++           d - +4 ring of protection
HPRegen 1.10/turn    p - ring of ice
MPRegen 0.11/turn

%: no passive effects
@: about to teleport
A: large, unfitting armour, claws 3, regeneration 1, shaggy fur 1, tough skin 1
a: Renounce Religion, Recall Undead Harvest


You were on level 5 of the Dungeon.
You worshipped Yredelemnul.
Yredelemnul was noncommittal.
You visited 2 branches of the dungeon, and saw 6 of its levels.

You collected 107 gold pieces.

Inventory:

Hand Weapons
 j - a +2 scythe of venom (weapon)
Missiles
 e - 9 poisoned darts
 l - 18 stones
Armour
 a - a +2 robe (worn)
 f - a +0 helmet
Jewellery
 d - a +4 ring of protection (left claw)
 p - a ring of ice (right claw)
Wands
 q - a wand of roots (5)
Scrolls
 c - a scroll of immolation
 h - a scroll of vulnerability
 i - 2 scrolls of fog
 n - 2 scrolls of teleportation
Potions
 b - 2 potions of brilliance {unknown}
 g - a potion of magic
 k - 2 potions of heal wounds {unknown}
 o - a potion of flight {unknown}


   Skills:
 + Level 1.5 Fighting
 + Level 3.8 Polearms
 + Level 3.0 Dodging
 + Level 1.6 Stealth
 + Level 2.4 Unarmed Combat
 + Level 2.6 Spellcasting
 + Level 0.6 Transmutations
 + Level 4.5 Earth Magic


You had 10 spell levels left.
You knew the following spells:

 Your Spells              Type           Power      Damage    Failure   Level
a - Sandblast             Erth           26%        2d8       3%          1

Your spell library contained the following spells:

 Spells                   Type           Power      Damage    Failure   Level
 Passwall                 Tmut/Erth      6%         N/A       13%         2
 Stone Arrow              Conj/Erth      14%        3d7       28%         3
 Petrify                  Tmut/Erth      8%         N/A       63%         4


Dungeon Overview and Level Annotations

Branches:
Dungeon (5/15)             Temple (1/1) D:4

Altars:
Ashenzari
Fedhas
Gozag
Qazlal
Xom
Yredelemnul

Shops:
D:5 [

Annotations:
D:5 Duvessa


Innate Abilities, Weirdness & Mutations

You are too large for most types of armour.
You have claws for hands.
Your natural rate of healing is unusually fast.
You are covered in fur. (AC +1)
You have tough skin. (AC +1)


Message History

Duvessa hits you with a +3 short sword! x2
* * * LOW HITPOINT WARNING * * *
Dowan hits Duvessa but does no damage.
You feel better.
Duvessa closely misses Dowan.
What are your orders? t - Shout!
Orders for allies: a - Attack new target. p - Attack previous target. r - Retreat! s - Stop attacking. g - Guard the area. f - Follow me.
Anything else - Cancel.
Gang up on whom?
Press: ? - help, Dir - move target, f/p - Duvessa
Aim: Duvessa, wielding a +3 short sword and wearing a +0 chain mail of poison resistance (heavily wounded, berserk, not watching you, very poisoned, ally target) Attack!
Duvessa hits Dowan with a +3 short sword!
Dowan hits Duvessa.
Duvessa hits Dowan with a +3 short sword!
Duvessa hits Dowan with a +3 short sword.
Dowan is destroyed!
Aiming: Sandblast (safe; 3% risk of failure)
Press: ? - help, Q - select action, (/) - cycle Shift-Dir - straight line, f/p - Duvessa
Aim: Duvessa, wielding a +3 short sword and wearing a +0 chain mail of poison resistance (heavily wounded, berserk, unaware, very poisoned, hasn't noticed you, 89% to hit)
The blast of sand hits Duvessa but does no damage.
Duvessa is heavily wounded.
Duvessa shouts!
Duvessa hits you with a +3 short sword! Duvessa hits you but does no damage.
Aiming: Fastroot
Press: ? - help, Q - select action, (/) - cycle Shift-Dir - straight line, p - Duvessa The roots erupt in riotous growth!
Roots grab Duvessa.
The grasping roots constrict Duvessa.
Duvessa hits you with a +3 short sword!
* * * LOW HITPOINT WARNING * * *
As you read the scroll of teleportation, it crumbles to dust.
You feel strangely unstable.
The grasping roots constrict Duvessa.
The roots release their grip on Duvessa.
Duvessa hits you with a +3 short sword!
* * * LOW HITPOINT WARNING * * *
Duvessa hits you with a +3 short sword!
You die...
Your body rises from the dead as a mindless zombie.

##........#####...##
#.........# ##....##
#.........#
##......##
##.......##
#........# ##......#
##.......#.#
###...##
#........##.. ##.#.#
##.........# .
#..### #..........##
##.## #....@......#
#..# #....e......#
##.## #...)........#
#..# #.............#
##.##
#..?..........# #..#
#...<.........# #.##
#............... #.#
###............
#.######
##......#.#.


You could see Duvessa (berserk, very poisoned).

Vanquished Creatures
  Sigmund (D:3)
  2 ogres (D:4)
  The ghost of uhhuh the Trooper, an amateur GrMo (D:3)
  Blork the orc (D:4)
  A bullfrog (D:3)
  Dowan (D:5)
  2 hounds
  Natasha (D:2)
  2 scorpion zombies (D:4)
  Robin (D:3)
  4 adders
  2 adder zombies (D:4)
  2 worms
  2 orcs (D:3)
  6 bats
  7 endoplasms
  3 giant cockroaches
  10 goblins
  10 hobgoblins
  6 jackals (D:1)
  9 kobolds
  2 quokkas
  4 ball pythons
  2 frilled lizards
  2 rats
84 creatures vanquished.

Vanquished Creatures (collateral kills)
  Menkaure (D:4)
  A kobold (D:4)
2 creatures vanquished.

Vanquished Creatures (others)
  An elf zombie (D:5)
  A giant cockroach zombie (D:4)
2 creatures vanquished.

Grand Total: 88 creatures vanquished

Notes
Turn   | Place    | Note
-------+----------+-------------------------------------------
     0 | D:1      | Archie the Troll Earth Elementalist began the quest for the
                  | Orb.
     0 | D:1      | Reached XP level 1. HP: 16/16 MP: 1/1
    37 | D:1      | Reached XP level 2. HP: 7/24 MP: 0/3
   327 | D:1      | Reached skill level 3 in Earth Magic
   630 | D:2      | Reached XP level 3. HP: 31/31 MP: 2/4
   761 | D:2      | Reached skill level 1 in Unarmed Combat
   908 | D:2      | Noticed Natasha
   913 | D:2      | Killed Natasha
   914 | D:2      | Reached XP level 4. HP: 38/39 MP: 3/5
  1052 | D:3      | Noticed Sigmund
  1067 | D:3      | Killed Sigmund
  1068 | D:3      | Reached skill level 4 in Earth Magic
  1068 | D:3      | Reached XP level 5. HP: 7/45 MP: 2/7
  1127 | D:3      | Noticed Robin
  1135 | D:3      | Reached XP level 6. HP: 52/53 MP: 4/8
  1151 | D:3      | Killed Robin
  1598 | D:3      | Found a runed translucent door.
  1603 | D:3      | Noticed uhhuh's ghost (amateur GrMo)
  1609 | D:3      | Reached skill level 1 in Polearms
  1634 | D:3      | Killed uhhuh's ghost
  1740 | D:4      | Found a stormy altar of Qazlal.
  1816 | D:4      | Reached skill level 1 in Fighting
  1856 | D:4      | Found a basalt altar of Yredelemnul.
  1874 | D:4      | Reached XP level 7. HP: 62/62 MP: 9/9
  1894 | D:4      | Became a worshipper of Yredelemnul the Dark
  1904 | D:4      | Found a blossoming altar of Fedhas.
  1914 | D:4      | Noticed Blork the orc
  1923 | D:4      | Killed Blork the orc
  1926 | D:4      | Reached * piety under Yredelemnul
  1963 | D:4      | Reached ** piety under Yredelemnul
  1967 | D:4      | Noticed Menkaure
  1986 | D:4      | Killed Menkaure
  2154 | D:4      | Found a staircase to the Ecumenical Temple.
  2160 | Temple   | Entered the Ecumenical Temple
  2345 | D:5      | Entered Level 5 of the Dungeon
  2345 | D:5      | Found Poal Tor's Armour Boutique.
  2442 | D:5      | Noticed Duvessa
  2442 | D:5      | Noticed Dowan
  2447 | D:5      | Killed Dowan
  2452 | D:5      | Your ally Dowan died
  2455 | D:5      | Slain by Duvessa

Illustrated notes

Levels and vault maps discovered:
D:1:      dpeg_arrival_tiny_f, layout_basic, basic_ecumenical_altar,
          chequers_serial_rivers_micro_b, minivault_23
D:2:      layout_basic, minmay_crystal_water, minmay_misc_feat_diagonals,
          uniq_natasha
D:3:      layout_loops_cross, ebering_ghost_sewer_d, uniq_robin, uniq_sigmund
D:4:      layout_basic, nicolae_qazlal_general_emergency,
          nicolae_yredelemnul_corpse_copse, fedhas_altar_2,
          minmay_temple_entry_nine_rooms, uniq_menkaure, uniq_blork_the_orc
D:5:      cheibrodos_quashed, layout_cave_pods, zin_statuary,
          nicolae_sif_muna_little_library, serial_shops, shop,
          gup_sewer_entry_bubbles, hex_medium, uniq_duvessa
Temple:   nicolae_temple_superstar

Skill      XL: |  1  2  3  4  5  6  7 |
---------------+----------------------+-----
Earth Magic    | 3 4 |  4.5
Dodging        | 2 3 |  3.0
Unarmed Combat | 1 2 |  2.4
Spellcasting   | 2 |  2.6
Polearms       | 1 3 |  3.8
Fighting       | 1 |  1.5
Stealth        | |  1.6
Transmutations | |  0.6

Action                     |  1- 3 |  4- 6 |  7- 9 || total
---------------------------+-------+-------+-------++-------
  Melee: Unarmed           |    57 |    14 |       ||    71
         Halberd           |       |   103 |    34 ||   137
   Cast: Sandblast         |    26 |    21 |    10 ||    57
  Evoke: Wand              |       |       |     2 ||     2
    Use: Potion            |     3 |     2 |     2 ||     7
         Scroll            |     5 |     8 |     1 ||    14
   Stab: Distracted        |       |       |     1 ||     1
 Armour: Robe              |    34 |    92 |    13 ||   139
  Dodge: Dodged            |    40 |   104 |    15 ||   159
